Map: Central Protocol

Players

uThermal - Winner!

  • Race: Terran Terran

Solar

  • Race: Zerg Zerg

Event: Root's WW3

VOD

Have the link to the VOD?

Description

Time

  • Played on: Dec. 11, 2015, 5:19 a.m.
  • Length: 6:50

All games in this series

Show
View Real Time Build Order
Export as new Build Order

uThermal Terran - Winner!

Build Orders:  

Get SALT Encoding   

  12  0:01  SCV  
  13  0:13  SCV  
  14  0:17  Supply Depot  
  14  0:25  SCV  
  15  0:41  Barracks  
  15  0:42  Refinery  
  15  0:53  Barracks  
  15  1:09  Barracks  
  15  1:20  Refinery  
  15  1:28  Reaper  
  16  1:44  Reaper  
  17  1:57  Reaper, Bunker  
  18  2:03  Reaper  
  19  2:16  Reaper  
  20  2:24  Supply Depot  
  20  2:31  Reaper  
  21  2:37  Reaper  
  21  2:57  Reaper  
  22  3:03  Reaper  
  23  3:09  SCV  
  23  3:10  Reaper  
  25  3:29  Reaper  
  26  3:35  Reaper  
  27  3:42  Reaper  
  27  4:01  Reaper  
  28  4:07  Reaper  
  29  4:14  Reaper  
  30  4:20  Supply Depot  
  30  4:33  Reaper  
  28  4:39  Reaper  
  28  4:46  Reaper  
  28  4:49  SCV  
  30  5:05  Reaper  
  31  5:10  SCV  
  31  5:11  Reaper  
  32  5:18  Reaper  
  31  5:37  Reaper  
  33  5:43  Reaper, Orbital Command  
  33  5:50  Supply Depot, Reaper  
  34  6:10  Reaper  
  35  6:15  SCV  
  35  6:16  Reaper  
  38  6:30  SCV  
Show
View Real Time Build Order
Export as new Build Order

Solar Zerg 

Build Orders: Pool First 

Get SALT Encoding   

  12  0:00  Drone  
  13  0:12  Overlord  
  13  0:17  Drone  
  14  0:31  Drone x2  
  14  0:35  Drone  
  17  0:38  Extractor  
  16  0:45  Drone  
  17  0:51  Spawning Pool  
  17  0:56  Drone  
  17  1:17  Hatchery  
  16  1:21  Drone  
  16  1:24  Drone  
  18  1:38  Queen  
  20  1:43  Metabolic Boost  
  20  1:50  Overlord  
  20  1:53  Drone  
  21  1:58  Zergling x2  
  22  2:09  Zergling x2  
  22  2:13  Drone  
  22  2:14  Queen  
  26  2:24  Drone  
  27  2:30  Zergling x2  
  27  2:32  Queen  
  27  2:36  Zergling x2  
  31  2:43  Zergling x2  
  31  2:47  Zergling x8  
  32  2:55  Queen  
  32  2:56  Zergling x2  
  35  3:02  Overlord  
  35  3:10  Zergling x2  
  36  3:22  Zergling x6  
  36  3:26  Zergling x8  
  43  3:32  Overlord  
  43  3:36  Queen  
  38  3:50  Zergling x10  
  38  3:54  Zergling x2  
  42  3:56  Zergling x2  
  42  3:57  Zergling x2  
  42  4:02  Zergling x4  
  46  4:11  Zergling x4  
  48  4:19  Queen  
  48  4:20  Overlord  
  48  4:22  Overlord  
  49  4:30  Zergling x2  
  49  4:31  Zergling x4  
  47  4:43  Zergling x2  
  47  4:44  Zergling x6  
  47  4:49  Zergling x2  
  47  4:50  Zergling x4  
  49  4:59  Queen  
  44  5:09  Zergling x8  
  44  5:17  Drone  
  44  5:20  Zergling x2  
  45  5:31  Zergling x10  
  48  5:37  Queen  
  48  5:42  Overlord  
  49  5:45  Queen  
  51  5:55  Zergling x6  
  52  6:03  Zergling x2  
  52  6:13  Zergling x10  
  55  6:19  Zergling x2  
  50  6:27  Zergling x4  
Tags
 
Add a new tag
Caveats
  • Supply blocks, unpowered buildings, or Contaminate may cause inaccurate times.
  • Supply counts are checked every 10 seconds.